 Dungeon Crawl Stone Soup version 0.29.1-15-g9cfb28693d (webtiles) character file.

Game seed: 15894003970252343664

6747 LynnLen the Jinx (level 10, -1/42 HPs)
             Began as a Spriggan Enchanter on Mar 10, 2023.
             Was a Follower of Nemelex Xobeh.
             Slain by a cane toad (19 damage)
             ... on level 1 of the Lair of Beasts.
             The game lasted 01:03:27 (17288 turns).

LynnLen the Jinx (Spriggan Enchanter)              Turns: 17288, Time: 01:03:28

Health: -1/42      AC: 10    Str:  8    XL:     10   Next: 75%
Magic:  27/27      EV: 17    Int: 20    God:    Nemelex Xobeh [*.....]
Gold:   119        SH:  0    Dex: 15    Spells: 22/33 levels left

rFire   . . .      SeeInvis +   x - +1 dagger (protect)
rCold   . . .      Faith    .   (no shield)
rNeg    . . .      Spirit   .   D - +1 robe {Will+}
rPois   .          Reflect  .   (helmet restricted)
rElec   .          Harm     .   A - scarf {shadows}
rCorr   .          Rampage  .   (gloves unavailable)
Will    +++..                   (boots unavailable)
Stlth   +++.......              j - amulet of magic regeneration
HPRegen 0.14/turn               (no ring)
MPRegen 0.60/turn               (no ring)

@: under a protective aura, very quick
A: very small, no large weapons, unfitting armour, see invisible, speed 3, frail
1, strong-willed 1, strong 1, evolution 2
a: Renounce Religion, Draw Escape, Draw Destruction, Draw Summoning


You were on level 1 of the Lair of Beasts.
You worshipped Nemelex Xobeh.
Nemelex Xobeh was aware of your devotion.
You visited 3 branches of the dungeon, and saw 10 of its levels.
You also visited: Sewer.

You collected 504 gold pieces.
You spent 385 gold pieces at shops.

Inventory:

Hand Weapons
 d - a +0 whip of electrocution
 x - a +1 dagger of protection (weapon)
 C - a +3 scimitar of flaming
Missiles
 a - 8 datura-tipped darts
 e - 87 stones (quivered)
 h - 41 poisoned darts
Armour
 A - a scarf of shadows (worn)
 D - a +1 robe of willpower (worn)
Jewellery
 j - an amulet of magic regeneration (around neck)
 w - an amulet of guardian spirit
Scrolls
 n - a scroll of blinking
 o - 3 scrolls of teleportation
 s - 2 scrolls of vulnerability
 t - 3 scrolls of identify
 u - a scroll of butterflies
 y - a scroll of fear
 B - 2 scrolls of poison
Potions
 c - 4 potions of invisibility
 f - a potion of mutation
 g - a potion of magic
 k - a potion of might
 m - 5 potions of attraction
 p - 2 potions of brilliance
 r - a potion of ambrosia
 v - 5 potions of curing
 z - a potion of flight


   Skills:
 + Level 2.5 Fighting
 - Level 1.1 Short Blades
 - Level 2.6 Dodging
 - Level 4.4 Stealth
 + Level 12.2 Spellcasting
 - Level 3.9 Conjurations
 + Level 12.4 Hexes
 + Level 5.3 Invocations


You had 22 spell levels left.
You knew the following spells:

 Your Spells              Type           Power      Damage    Failure   Level
a - Ensorcelled Hibernat  Hex/Ice        74%        N/A       1%          2
b - Confusing Touch       Hex            58%        N/A       1%          3
c - Tukima's Dance        Hex            58%        N/A       1%          3
d - Dazzling Flash        Conj/Hex       90%        N/A       1%          3

Your spell library contained the following spells:

 Spells                   Type           Power      Damage    Failure   Level
 Fulminant Prism          Conj/Hex       22%        3d13      1%          4
 Iskenderun's Mystic Bla  Conj/Tloc      20%        2d6       24%         4
 Lee's Rapid Deconstruct  Erth           6%         3d7*      83%         5


Dungeon Overview and Level Annotations

Branches:
Dungeon (8/15)             Temple (1/1) D:5            Lair (1/5) D:8
  Sewer (visited)

Altars:
Cheibriados
Dithmenos
Elyvilon
Fedhas
Gozag
Kikubaaqudgha
Makhleb
Nemelex Xobeh
Okawaru
Qazlal
Ru
Sif Muna
Trog
Uskayaw
Vehumet
Wu Jian
Xom
Yredelemnul
Zin
The Shining One

Shops:
D:2 !


Innate Abilities, Weirdness & Mutations

You are very small and have problems with some larger weapons.
You are too small for most types of armour.
You have supernaturally acute eyesight. (SInv)
You cover ground extremely quickly. (Speed+++)
You are frail. (-10% HP)
You are strong-willed. (Will+)
Your muscles are strong. (Str +4, Int/Dex -1)
You have great hidden genetic potential.


Message History

There is a staircase back to the Dungeon here.
Casting: Ensorcelled Hibernation (safe; 1% risk of failure)
Confirm with . or Enter, or press ? or * to list all spells.
Your hands begin to glow red.
The cane toad closely misses you.
You completely miss the cane toad.
The cane toad is heavily wounded.
The cane toad stings you.
You are poisoned.
The cane toad poisons you!
You barely miss the cane toad.
The cane toad is heavily wounded.
You feel very sick. The cane toad stings you!
You are more poisoned.
The cane toad poisons you!
You hit the cane toad but do no damage.
The cane toad appears confused.
The cane toad is moderately wounded.
* * * LOW HITPOINT WARNING * * *
You feel very sick.
You feel better. The cane toad barely misses you.
Casting: Confusing Touch (safe; 1% risk of failure)
Confirm with . or Enter, or press ? or * to list all spells.
Okay, then.
You barely miss the cane toad.
The cane toad is moderately wounded.
The cane toad barely misses you.
You barely miss the cane toad.
The cane toad is moderately wounded.
You completely miss the cane toad.
The cane toad is moderately wounded.
The cane toad misses you.
You barely miss the cane toad.
The cane toad is moderately wounded.
You strike the helpless cane toad from behind!
You puncture the cane toad!
Your weapon exudes an aura of protection.
The cane toad is severely wounded.
The cane toad stings you!!
You die...
Your body disappears without a glow.

...... .. ..
......#.#..##
......#.#...#
............#.
...$..........
..............
..............
.......@.!....
......†F......
..............
..............
..............
..##........#.
##......##
....#...
##...#....


You could see a cane toad (confused).

Vanquished Creatures
  Erica (D:8)
  2 komodo dragons (D:8)
  A hornet (D:8)
  Prince Ribbit (D:7)
  Grinder (D:6)
  A dancing weapon (D:6)
  4 yaks (D:7)
  The ghost of GigaChad the Covered, an amateur MiFi (D:3)
  A water moccasin (D:7)
  Duvessa (D:6)
  An orc warrior (D:8)
  2 black bears
  An ogre (D:7)
  4 ice beasts
  2 kobold brigands
  8 bullfrogs
  5 necrophages
  A gnoll sergeant (D:8)
  2 scorpions
  A wight (D:7)
  Dowan (D:6)
  A howler monkey (D:5)
  3 jellies
  2 hounds (D:6)
  5 orc priests
  An iguana (D:7)
  5 orc wizards
  Robin (D:2)
  7 gnolls
  10 adders
  A shadow imp (D:6)
  A worm (D:5)
  3 dart slugs
  23 orcs
  16 ball pythons
  5 bats
  11 endoplasms
  13 giant cockroaches
  14 goblins
  9 hobgoblins
  17 kobolds
  9 quokkas
  8 frilled lizards
  3 rats
210 creatures vanquished.

Vanquished Creatures (collateral kills)
  A two-headed ogre (D:8)
  Sigmund (D:5)
  2 orc warriors
  A centaur (D:7)
  2 ogres (D:5)
  2 wights (D:7)
  3 orc wizards
  3 gnolls
  11 orcs
  2 kobolds
28 creatures vanquished.

Vanquished Creatures (others)
  9 dancing weapons
  22 fungi (D:8)
  20 plants (D:8)
51 creatures vanquished.

Grand Total: 289 creatures vanquished

Notes
Turn   | Place    | Note
-------+----------+-------------------------------------------
     0 | D:1      | LynnLen the Spriggan Enchanter began the quest for the Orb.
     0 | D:1      | Reached XP level 1. HP: 9/9 MP: 5/5
   300 | D:1      | Reached XP level 2. HP: 6/13 MP: 7/7
   533 | D:1      | Found a faded altar of an unknown god.
   887 | D:1      | Learned a level 2 spell: Ensorcelled Hibernation
  1254 | D:2      | Reached XP level 3. HP: 16/16 MP: 0/9
  1336 | D:2      | Learned a level 3 spell: Confusing Touch
  1398 | D:2      | Found Uqeiph's Distillery.
  1453 | D:2      | Bought a potion of degeneration for 11 gold pieces
  2213 | D:2      | Noticed Robin
  2233 | D:2      | Killed Robin
  2234 | D:2      | Reached XP level 4. HP: 16/21 MP: 8/11
  2354 | D:2      | Reached skill level 5 in Hexes
  2586 | D:2      | Found a stormy altar of Qazlal.
  3078 | D:3      | Noticed a necrophage
  3389 | D:3      | Learned a level 3 spell: Tukima's Dance
  3393 | D:3      | Learned a level 3 spell: Dazzling Flash
  3661 | D:3      | Reached XP level 5. HP: 13/24 MP: 11/13
  3842 | D:3      | Reached skill level 5 in Spellcasting
  4284 | D:3      | Found a runed translucent gate.
  4284 | D:3      | Found a runed translucent gate.
  4284 | D:3      | Found a runed translucent gate.
  4288 | D:3      | Noticed GigaChad's ghost (amateur MiFi)
  4294 | D:3      | Identified the +0 scale mail of Chimes {Dex+3}
  5113 | D:4      | Found a glowing drain.
  5123 | Sewer    | Entered a sewer
  5762 | Sewer    | Reached XP level 6. HP: 10/28 MP: 15/15
  6141 | Sewer    | Reached skill level 1 in Conjurations
  6393 | D:4      | Found a stormy altar of Qazlal.
  6943 | D:4      | Reached XP level 7. HP: 32/32 MP: 15/17
  7359 | D:5      | Entered Level 5 of the Dungeon
  7734 | D:5      | Noticed Sigmund
  7950 | D:5      | Found a staircase to the Ecumenical Temple.
  8023 | D:5      | Killed Sigmund
  8086 | D:5      | Reached XP level 8. HP: 5/36 MP: 18/20
  8813 | Temple   | Entered the Ecumenical Temple
  9033 | Temple   | Became a worshipper of Nemelex Xobeh the Trickster
  9129 | D:6      | Noticed Grinder
  9156 | D:6      | Killed Grinder
  9322 | D:6      | Noticed Duvessa
  9324 | D:6      | Noticed Dowan
  9533 | D:6      | Identified the +1 robe of Souq {Dex+2}
 10637 | D:6      | Killed Duvessa
 10638 | D:6      | Reached XP level 9. HP: 21/39 MP: 21/23
 10647 | D:6      | Killed Dowan
 11782 | D:6      | Reached skill level 10 in Hexes
 11878 | D:6      | Gained mutation: You are frail. (-10% HP) [potion of
                  | mutation]
 11878 | D:6      | Gained mutation: You are strong-willed. (Will+) [potion of
                  | mutation]
 11878 | D:6      | Gained mutation: You have hidden genetic potential. [potion
                  | of mutation]
 11878 | D:6      | Gained mutation: You have great hidden genetic potential.
                  | [potion of mutation]
 12207 | D:7      | Reached skill level 10 in Spellcasting
 12974 | D:7      | Reached skill level 1 in Invocations
 13186 | D:7      | Noticed Prince Ribbit
 13199 | D:7      | Killed Prince Ribbit
 13675 | D:7      | Reached * piety under Nemelex Xobeh
 13805 | D:7      | Received a gift from Nemelex Xobeh
 14193 | D:2      | Bought a potion of heal wounds for 55 gold pieces
 14193 | D:2      | Bought a potion of flight for 33 gold pieces
 14193 | D:2      | Bought a potion of invisibility for 88 gold pieces
 14193 | D:2      | Bought a potion of heal wounds for 55 gold pieces
 14193 | D:2      | Bought a potion of invisibility for 88 gold pieces
 14193 | D:2      | Bought a potion of heal wounds for 55 gold pieces
 14307 | D:3      | Killed GigaChad's ghost
 14308 | D:3      | Reached XP level 10. HP: 34/39 MP: 26/26
 14758 | D:8      | Noticed a two-headed ogre
 14778 | D:8      | Killed a two-headed ogre
 14805 | D:8      | Gained mutation: Your muscles are strong. (Str +4, Int/Dex
                  | -1) [hidden potential]
 15105 | D:8      | Found a staircase to the Lair.
 15234 | D:8      | Reached skill level 1 in Fighting
 15268 | D:8      | Found a glowing golden altar of the Shining One.
 15811 | D:8      | Found an iron altar of Okawaru.
 15812 | D:8      | Found a burning altar of Makhleb.
 15813 | D:8      | Found a blossoming altar of Fedhas.
 15866 | D:8      | Noticed Erica
 15881 | D:8      | Killed Erica
 15931 | D:8      | Reached skill level 5 in Invocations
 15996 | D:8      | HP: 1/41 [vampire (12)]
 16952 | Lair:1   | Entered Level 1 of the Lair of Beasts
 17269 | Lair:1   | Noticed a cane toad
 17288 | Lair:1   | Slain by a cane toad

Illustrated notes

Levels and vault maps discovered:
D:1:      dpeg_arrival_leaves_temple_mockup, layout_rooms,
          ebering_ecumenical_altar_webs
D:2:      layout_basic, serial_shops, nicolae_diamond_shop, basic_altar,
          uniq_robin
D:3:      layout_loops_ring, biasface_ghost_orc_armoury,
          nicolae_figureground_pulse
D:4:      layout_loops_ring, nicolae_qazlal_general_emergency,
          cheibrodos_sewer_entry_drain
D:5:      layout_rooms, minmay_temple_entry_wispy, uniq_sigmund
D:6:      layout_basic, minmay_misc_feat_four_crosses, uniq_grinder,
          uniq_duvessa
D:7:      layout_basic, uniq_prince_ribbit1
D:8:      layout_basic, mainiacjoe_overflow_paths,
          gammafunk_temple_overflow_claw, grunt_lair_entry_orc_guard_hut,
          enter_bailey_5, st_stairs_6, uniq_erica
Temple:   bh_familiar_temple
Lair:1:   layout_gridlike, hangedman_lair_unloving_vines, disabler_island,
          lemuel_fruit_fields

Skill      XL: |  1  2  3  4  5  6  7  8  9 10 |
---------------+-------------------------------+-----
Spellcasting   | 3 4 5 6 7 9 11 12 | 12.2
Hexes          | 4 5 6 7 9 11 12 | 12.4
Conjurations   | 1 2 3 |  3.9
Invocations    | 3 5 |  5.3
Fighting       | 2 |  2.5
Short Blades   | |  1.1
Dodging        | |  2.6
Stealth        | |  4.4

Action                   |  1- 3 |  4- 6 |  7- 9 | 10-12 || total
-------------------------+-------+-------+-------+-------++-------
Melee: Dagger            |   102 |   300 |   375 |   220 ||   997
       Punch             |       |     4 |     5 |     5 ||    14
       Scimitar          |       |       |       |    14 ||    14
Throw: Stone             |     1 |       |     1 |       ||     2
 Cast: Ensorcelled Hiber |    11 |    20 |    40 |    25 ||    96
       Tukima's Dance    |       |     8 |    27 |    12 ||    47
       Confusing Touch   |       |     5 |    39 |    17 ||    61
       Dazzling Flash    |       |     5 |       |     3 ||     8
  Use: Scroll            |     2 |     3 |    10 |     2 ||    17
       Potion            |       |     2 |     1 |     7 ||    10
 Stab: Sleeping          |    11 |    22 |    28 |    14 ||    75
       Distracted        |     1 |       |       |       ||     1
       Confused          |       |     4 |    39 |    20 ||    63
       Invisible         |       |     1 |       |     5 ||     6
Armor: Robe              |    15 |    38 |    60 |    34 ||   147
Dodge: Dodged            |    65 |   311 |   229 |   166 ||   771
